 Dungeon Crawl Stone Soup version 0.32-a0-837-g8d3e27d251 (webtiles) character file.

Game seed: 1947256370984558087

29 Essalna the Firebug (level 3, 0/26 HPs)
             Began as a Demonspawn Fire Elementalist on Mar 26, 2024.
             Slain by a kobold
             ... wielding a +0 short sword
              (3 damage)
             ... on level 1 of the Dungeon.
             The game lasted 00:01:20 (876 turns).

Essalna the Firebug (Demonspawn Fire Elementalist)   Turns: 876, Time: 00:01:21

Health: 0/26       AC:  3    Str:  8    XL:     3   Next: 1%
Magic:  5/6        EV: 11    Int: 17    God:
Gold:   23         SH:  0    Dex: 13    Spells: 5/6 levels left

rFire   . . .        (no weapon)
rCold   . . .        (no shield)
rNeg    . . .        a - +0 robe
rPois   .            (no helmet)
rElec   .            (no cloak)
rCorr   .            (no gloves)
SInv    .            (no boots)
Will    .....        (no amulet)
Stlth   ++           (no ring)
HPRegen 0.24/turn    (no ring)
MPRegen 0.10/turn

%: no passive effects
@: no status effects
A: demonic guardian 1, sharp scales 1
a: no special abilities


You were on level 1 of the Dungeon.
You visited 1 branch of the dungeon, and saw 1 of its levels.

You collected 23 gold pieces.

Inventory:

Armour
 a - a +0 robe (worn)
Scrolls
 e - 2 scrolls of teleportation {unknown}
 f - 2 scrolls of enchant weapon {unknown}
 g - a scroll of fear {unknown}
 h - 2 scrolls of butterflies {unknown}
 i - a scroll of poison {unknown}
Potions
 b - a potion of magic
 c - a potion of degeneration {unknown}
 d - 2 potions of curing {unknown}


   Skills:
 + Level 1.2 Fighting
 - Level 1.7 Dodging
 - Level 1.7 Stealth
 + Level 2.3 Spellcasting
 + Level 1.5 Conjurations
 + Level 3.0 Fire Magic


You had 5 spell levels left.
You knew the following spells:

 Your Spells              Type           Power      Damage    Failure   Level
a - Foxfire               Conj/Fire      36%        2x1d5     8%          1

Your spell library contained the following spells:

 Spells                   Type           Power      Damage    Failure   Level
 Scorch                   Fire           24%        2d6       9%          2
 Inner Flame              Hex/Fire       7%         N/A       30%         3
 Volatile Blastmotes      Fire/Tloc      14%        2d11      30%         3
 Flame Wave               Conj/Fire      9%         2d6       58%         4


Dungeon Overview and Level Annotations

Branches:
Dungeon (1/15)

Altars:


Innate Abilities, Weirdness & Mutations

A weak demonic guardian rushes to your aid.
You are partially covered in razor-sharp scales. (AC +1, Slay +1)


Message History

You conjure some foxfire!
The foxfire hits the ball python.
You kill the ball python!
The foxfire hits the kobold.
The kobold is severely wounded.
The kobold throws a stone.
The stone hits you but does no damage.
You have reached level 3!
Your experience leads to an increase in your attributes!
Increase (S)trength, (I)ntelligence, or (D)exterity?
You feel clever. x2; Your demonic ancestry asserts itself...
You feel the presence of a demonic guardian.
Unknown command.
The kobold throws a stone.
The stone closely misses you. The stone hits your foxfire.
The kobold closely misses you.
You closely miss the kobold.
The kobold is severely wounded.
The kobold barely misses you. The kobold hits you but does no damage.
The kobold hits you but does no damage. The kobold closely misses you.
The kobold hits you with a +0 short sword.
The kobold closely misses you. The kobold closely misses you.
The kobold hits you but does no damage. The kobold barely misses you.
The kobold hits you with a +0 short sword.
* * * LOW HITPOINT WARNING * * *
A demonic guardian appears!
The kobold hits you with a +0 short sword.
* * * LOW HITPOINT WARNING * * *
The kobold hits you with a +0 short sword.
* * * LOW HITPOINT WARNING * * *
The kobold hits you with a +0 short sword.
* * * LOW HITPOINT WARNING * * *
The kobold hits you with a +0 short sword.
* * * LOW HITPOINT WARNING * * *
The kobold barely misses you. The kobold barely misses you.
The kobold hits you with a +0 short sword.
You die...

.†..#.##.###..##.#
.................#
..............##?#
......§#.##...##.#
.##.#..#.##...##.#
.......#.##...##.######
........†.[...........#
).............##5####.#
..##>#.#..##..##@# ..
##.##..[...##K# ##
##.##..##.# ##
###>..##.# .#####
#.##..##.# ..##.##
......##..
..#<#>##..##..####
..............
............#


You could see a kobold (ally target) and a friendly white imp (summoned).

Vanquished Creatures
  3 dart slugs (D:1)
  4 ball pythons (D:1)
  4 endoplasms (D:1)
  A giant cockroach (D:1)
  2 goblins (D:1)
  2 hobgoblins (D:1)
  A quokka (D:1)
  A frilled lizard (D:1)
  3 rats (D:1)
21 creatures vanquished.

Vanquished Creatures (others)
  77 foxfires (D:1)
77 creatures vanquished.

Grand Total: 98 creatures vanquished

Notes
Turn   | Place    | Note
-------+----------+-------------------------------------------
     0 | D:1      | Essalna the Demonspawn Fire Elementalist began the quest
                  | for the Orb.
     0 | D:1      | Reached XP level 1. HP: 13/13 MP: 3/3
   175 | D:1      | Gained mutation: You are partially covered in razor-sharp
                  | scales. (AC +1, Slay +1) [demonic ancestry]
   175 | D:1      | Reached XP level 2. HP: 17/20 MP: 0/5
   420 | D:1      | Reached skill level 1 in Fighting
   664 | D:1      | Reached skill level 3 in Fire Magic
   858 | D:1      | Gained mutation: A weak demonic guardian rushes to your
                  | aid. [demonic ancestry]
   858 | D:1      | Reached XP level 3. HP: 11/26 MP: 3/6
   876 | D:1      | Slain by a kobold

Illustrated notes

Levels and vault maps discovered:
D:1:      onia_arrival_handbag, layout_basic, interstate_on_off,
          roderic_serpentine_path

Skill      XL: |  1  2 |
---------------+-------+-----
Fighting       | 1 |  1.2
Fire Magic     | 3 |  3.0
Dodging        | |  1.7
Stealth        | |  1.7
Spellcasting   | |  2.3
Conjurations   | |  1.5

Action                     || total
---------------------------++-------
  Melee: Unarmed           ||    32
         Punch             ||     1
   Cast: Foxfire           ||    45
   Stab: Sleeping          ||     2
 Armour: Robe              ||    49
  Dodge: Dodged            ||    33

Table legend: (Time is in decaauts)
 A = Elapsed time spent in this place.
 B = Non-inter-level travel time spent in this place.
 C = Inter-level travel time spent in this place.
 D = Time resting spent in this place.
 E = Time spent auto-exploring this place.
 F = Levels seen in this place.
 G = Mean time per level.
                   A        B        C        D        E       F      G
               +--------+--------+--------+--------+--------+-----+--------+
         Total |    876 |    876 |      0 |      0 |    703 |   1 |  876.0 |
       Dungeon |    876 |    876 |      0 |      0 |    703 |   1 |  876.0 |
               +--------+--------+--------+--------+--------+-----+--------+

Top non-repeatable levels by time:
     D:1: 876 daAuts
